 Dungeon Crawl Stone Soup version 0.21.1-1-g345015f (webtiles) character file.

78 microfolk the Grave Robber (level 4, -3/36 HPs)
             Began as a Deep Dwarf Necromancer on Apr 23, 2018.
             Slain by a gnoll shaman
             ... wielding a +0 club
              (7 damage)
             ... on level 2 of the Dungeon.
             The game lasted 00:07:57 (2143 turns).

microfolk the Grave Robber (Deep Dwarf Necromancer) Turns: 2143, Time: 00:07:58

Health: -3/36      AC:  2    Str: 12    XL:     4   Next: 15%
Magic:  2/6        EV: 13    Int: 16    God:
Gold:   91         SH:  0    Dex: 13    Spells: 3/8 levels left

rFire    . . .     SeeInvis .   j - +0 dagger
rCold    . . .     Gourm    .   (no shield)
rNeg     . . .     Faith    .   a - +0 robe
rPois    .         Spirit   .   (no helmet)
rElec    .         Reflect  .   (no cloak)
rCorr    .         Harm     .   (no gloves)
MR       .....                  (no boots)
Stlth    ++........             (no amulet)
HPRegen  0.00/turn              (no ring)
MPRegen  0.10/turn              (no ring)

@: non-regenerating
A: damage resistance, heal wounds, sense surroundings 1, no regeneration
a: Heal Wounds


You were on level 2 of the Dungeon.
You were not hungry.

You visited 1 branch of the dungeon, and saw 2 of its levels.

You collected 91 gold pieces.

Inventory:

Hand Weapons
 j - a +0 dagger (weapon)
Missiles
 k - 85 stones (quivered)
Armour
 a - a +0 robe (worn)
 l - a +1 pair of gloves
Wands
 f - a wand of acid (4)
Scrolls
 d - a scroll of enchant armour
 i - a scroll of fog {unknown}
 m - a scroll of amnesia
 o - a scroll of immolation {unknown}
Potions
 g - a potion of brilliance
 h - a potion of curing
 n - 2 potions of magic
Books
 b - a book of Necromancy

   Spells                             Type                      Level
   a - Pain                           Necromancy                   1
   b - Animate Skeleton               Necromancy                   1
   c - Vampiric Draining              Necromancy                   3
   d - Regeneration                   Charms/Necromancy            3
   e - Animate Dead                   Necromancy                   4
   f - Borgnjor's Vile Clutch         Necromancy/Earth             5
 e - a book of Cantrips

   Spells                             Type                      Level
   a - Confusing Touch                Hexes                        1
   b - Animate Skeleton               Necromancy                   1
   c - Summon Small Mammal            Summoning                    1
   d - Apportation                    Translocation                1
Comestibles
 c - 3 rations
 p - 4 chunks of flesh


   Skills:
 + Level 3.3 Dodging
 - Level 2.4 Stealth
 + Level 2.5 Spellcasting
 + Level 5.1 Necromancy


You had 3 spell levels left.
You knew the following spells:

 Your Spells              Type           Power        Failure   Level  Hunger
a - Pain                  Necr           ###.         2%          1    #......
b - Animate Skeleton      Necr           N/A          2%          1    #......
c - Vampiric Draining     Necr           ###.......   7%          3    ###....


Dungeon Overview and Level Annotations

Branches:
Dungeon (2/15)

Altars:
Kikubaaqudgha


Innate Abilities, Weirdness & Mutations

You are resistant to damage.
You can heal yourself by infusing magical energy.
You passively map a small area around you.
You do not regenerate.


Message History

The gnoll shaman is severely wounded.
The gnoll hits you with a whip.
* * * LOW HITPOINT WARNING * * *
The gnoll shaman hits you with a club.
* * * LOW HITPOINT WARNING * * *
The gnoll closely misses you.
Things that are here:
a spear; a club You hit the gnoll.
The gnoll is moderately wounded.
You barely miss the gnoll shaman.
The gnoll shaman is severely wounded.
You closely miss the gnoll shaman.
The gnoll shaman is severely wounded.
The gnoll shaman calls upon its god to heal the gnoll.
The gnoll's wounds heal themselves!
You hit the gnoll shaman but do no damage.
The gnoll shaman is severely wounded.
The gnoll shaman hits you with a club!
You die...

....#* .≈≈≈ ......#
....#* ,, .≈≈.###....## .
###.# , .≈≈≈≈#......#≈≈
#.# * .≈≈≈≈........≈≈ #.#
, ≈#......# ≈ ###.# * ≈
##....## ....# * ≈
,#.†....#
###.##############).....#
............))..@gg..####
..#####>##############
..# #.# ..# #.# ### ###


You could see a gnoll shaman and a gnoll.

Vanquished Creatures
  A gnoll (D:2)
  An ooze (D:2)
  A dart slug (D:1)
  3 leopard geckos
  5 giant cockroaches
  4 goblins
  7 hobgoblins
  3 kobolds
  A quokka (D:2)
  A ball python (D:1)
  7 bats (D:1)
  3 frilled lizards
  5 rats
  2 rat zombies (D:2)
44 creatures vanquished.

Vanquished Creatures (collateral kills)
  A gnoll (D:1)
  2 goblins (D:1)
  A ball python (D:1)
  2 rats
6 creatures vanquished.

Grand Total: 50 creatures vanquished

Notes
Turn   | Place    | Note
-------+----------+-------------------------------------------
     0 | D:1      | microfolk the Deep Dwarf Necromancer began the quest for the Orb.
     0 | D:1      | Reached XP level 1. HP: 15/15 MP: 3/3
     2 | D:1      | Learned a level 1 spell: Animate Skeleton
   182 | D:1      | Reached XP level 2. HP: 8/22 MP: 1/5
   380 | D:1      | HP: 1/22 [leopard gecko (3)]
   602 | D:1      | Reached XP level 3. HP: 17/28 MP: 2/5
   608 | D:1      | Learned a level 3 spell: Vampiric Draining
  1557 | D:2      | Reached skill level 5 in Necromancy
  1713 | D:2      | Found an ancient bone altar of Kikubaaqudgha.
  2030 | D:2      | Reached XP level 4. HP: 13/36 MP: 2/6
  2143 | D:2      | Slain by a gnoll shaman

Skill      XL: |  1  2  3 |
---------------+----------+-----
Spellcasting   | 2 |  2.5
Dodging        | 3 |  3.3
Necromancy     | 5 |  5.1
Stealth        | |  2.4

Action                   |  1- 3 |  4- 6 || total
-------------------------+-------+-------++-------
Melee: Unarmed           |     9 |       ||     9
       Dagger            |    99 |    23 ||   122
Throw: Stone             |     2 |       ||     2
 Cast: Pain              |    29 |       ||    29
       Animate Skeleton  |    10 |     2 ||    12
       Vampiric Draining |    14 |     4 ||    18
 Abil: Heal Wounds       |     2 |       ||     2
  Use: Scroll            |     7 |       ||     7
 Stab: Sleeping          |     1 |       ||     1
  Eat: Chunk             |     4 |       ||     4
       Ration            |     1 |       ||     1
Armor: Robe              |     9 |     2 ||    11
Dodge: Dodged            |    77 |    14 ||    91
